 Dungeon Crawl Stone Soup version 0.23.1-37-gaa34b87b72 (webtiles) character file.

Game seed: 5999912962305117363

1156 Marnok the Twirler (level 8, 0/60 HPs)
             Began as a Demonspawn Gladiator on Mar 25, 2019.
             Was an Initiate of Ashenzari.
             Succumbed to a killer bee's poison
             ... on level 6 of the Dungeon.
             The game lasted 00:22:41 (4379 turns).

Marnok the Twirler (Demonspawn Gladiator)           Turns: 4379, Time: 00:22:42

Health: 0/60       AC: 11    Str: 23    XL:     8   Next: 16%
Magic:  8/8        EV: 20    Int:  9    God:    Ashenzari [......]
Gold:   225        SH:  0    Dex: 22    Spells: 7/7 levels left

rFire    . . .     SeeInvis .   y - +5 quarterstaff (chaos)
rCold    + . .     Gourm    +   (shield currently unavailable)
rNeg     . . .     Faith    .   b - +0 leather armour
rPois    .         Spirit   .   (helmet restricted)
rElec    .         Reflect  .   z - +1 cloak
rCorr    .         Harm     .   v - +2 pair of gloves
MR       .....                  (no boots)
Stlth    +++.......             n - amulet of the gourmand
HPRegen  0.20/turn              m - +3 ring of strength
MPRegen  0.11/turn              (no ring)

@: mighty, agile, lethally poisoned (0 -> -1), lightly drained
A: horns 1, talons 1, molten scales 2, cold resistance 1, demonic guardian 2
a: Curse Item, Renounce Religion


You were on level 6 of the Dungeon.
You worshipped Ashenzari.
Ashenzari was noncommittal.
You were very full.

You visited 1 branch of the dungeon, and saw 7 of its levels.
You also visited: Sewer.

You collected 225 gold pieces.

Inventory:

Hand Weapons
 l - a +2 falchion of freezing
 s - a +1 dagger of venom
 u - a +0 battleaxe of venom
 w - a +2 flail of protection
 y - a +5 quarterstaff of chaos (weapon)
 A - a +2 mace of holy wrath
Missiles
 d - 3 throwing nets
 r - 4 tomahawks of returning (quivered)
 t - 18 sling bullets
 E - 7 stones
Armour
 b - a +0 leather armour (worn)
 v - a +2 pair of gloves (worn)
 z - a +1 cloak (worn)
Jewellery
 m - a +3 ring of strength (left hand)
 n - an amulet of the gourmand (around neck)
Wands
 q - a wand of iceblast (6)
 C - a wand of paralysis (6)
Scrolls
 e - 2 scrolls of teleportation
 i - 4 scrolls of identify
 j - a scroll of remove curse
 k - 4 scrolls of fog
 o - 3 scrolls of fear
Potions
 h - a potion of magic
Comestibles
 a - 6 chunks of flesh
 f - 7 rations


   Skills:
 + Level 4.0 Fighting
 + Level 6.6(6.5) Staves
 + Level 1.8 Throwing
 + Level 3.3 Armour
 + Level 4.6 Dodging
 + Level 1.7 Stealth


You had 7 spell levels left.
You didn't know any spells.
Your spell library was empty.

Dungeon Overview and Level Annotations

Branches:
Dungeon (7/15)             Temple (0/1) D:5

Altars:
Ashenzari
Okawaru
Sif Muna
Yredelemnul


Innate Abilities, Weirdness & Mutations

You are mostly covered in molten scales. (AC +3)
Your flesh is cold resistant. (rC+)
A demonic guardian rushes to your aid.
You have a pair of small horns on your head.
You have sharp toenails.


Message History

You feel sick.
* * * LOW HITPOINT WARNING * * *
You feel sick.
* * * LOW HITPOINT WARNING * * *
You feel sick.
There is a lethal amount of poison in your body!
* * * LOW HITPOINT WARNING * * *
You feel sick.
* * * LOW HITPOINT WARNING * * *
You feel sick.
* * * LOW HITPOINT WARNING * * *
You feel sick.
* * * LOW HITPOINT WARNING * * *
You feel sick.
Unknown command.
* * * LOW HITPOINT WARNING * * *
You feel sick.
* * * LOW HITPOINT WARNING * * *
You feel sick.
You die...

###...###
#.......#
#.......#
#.......#
###...###
#...#
##.## #.#
#@#
........#
.########


There were no monsters in sight!

Vanquished Creatures
  A crocodile (Sewer)
  A bullfrog (D:6)
  A scorpion (D:5)
  A killer bee (D:6)
  2 wights (D:6)
  A crimson imp (D:5)
  2 hounds
  An orc priest (D:3)
  Crazy Yiuf (D:4)
  A jelly (D:5)
  An orc wizard (D:5)
  5 worker ants
  A howler monkey zombie (D:4)
  6 adders
  3 gnolls
  A shadow imp (D:6)
  3 oozes
  An adder skeleton (D:5)
  5 worms
  A dart slug (D:1)
  5 leopard geckos
  14 orcs
  6 giant cockroaches
  9 goblins
  10 hobgoblins
  9 jackals
  9 kobolds
  A quokka (D:5)
  3 ball pythons
  9 bats
  7 frilled lizards
  A leopard gecko skeleton (D:4)
  5 rats
127 creatures vanquished.

Vanquished Creatures (collateral kills)
  Purgy (D:3)
  A phantom (D:4)
  An ogre (D:5)
  Blork the orc (D:4)
  A wight (D:6)
  2 gnolls (D:2)
  A leopard gecko (D:4)
  An orc (D:3)
  A goblin (D:3)
  A hobgoblin (D:3)
11 creatures vanquished.

Grand Total: 138 creatures vanquished

Notes
Turn   | Place    | Note
-------+----------+-------------------------------------------
     0 | D:1      | Marnok the Demonspawn Gladiator began the quest for the
                  | Orb.
     0 | D:1      | Reached XP level 1. HP: 16/16 MP: 1/1
    17 | D:1      | Gained mutation: You are partially covered in molten
                  | scales. (AC +2) [demonic ancestry]
    17 | D:1      | Reached XP level 2. HP: 15/22 MP: 2/2
   161 | D:1      | Reached skill level 3 in Staves
   270 | D:1      | Gained mutation: Your flesh is cold resistant. (rC+)
                  | [demonic ancestry]
   270 | D:1      | Reached XP level 3. HP: 22/27 MP: 3/3
   869 | D:1      | Gained mutation: A weak demonic guardian rushes to your
                  | aid. [demonic ancestry]
   869 | D:1      | Reached XP level 4. HP: 25/34 MP: 4/4
  1362 | D:2      | Gained mutation: You have a pair of small horns on your
                  | head. [potion of mutation]
  1362 | D:2      | Gained mutation: You have sharp toenails. [potion of
                  | mutation]
  1646 | D:2      | Reached skill level 4 in Staves
  1759 | D:2      | Found a deep blue altar of Sif Muna.
  1767 | D:2      | Found a basalt altar of Yredelemnul.
  1875 | D:2      | Found an iron altar of Okawaru.
  1882 | D:2      | Found a shattered altar of Ashenzari.
  1919 | D:2      | Became a worshipper of Ashenzari the Shackled
  2068 | D:3      | Reached skill level 1 in Armour
  2121 | D:3      | Gained mutation: You are mostly covered in molten scales.
                  | (AC +3) [demonic ancestry]
  2121 | D:3      | Reached XP level 5. HP: 38/39 MP: 5/5
  2389 | D:3      | Noticed Purgy
  2395 | D:3      | Killed Purgy
  2395 | D:3      | Gained mutation: A demonic guardian rushes to your aid.
                  | [demonic ancestry]
  2395 | D:3      | Reached XP level 6. HP: 43/46 MP: 6/6
  2449 | D:4      | Reached skill level 1 in Stealth
  2473 | D:4      | Noticed Blork the orc
  2483 | D:4      | Killed Blork the orc
  2997 | D:4      | HP: 2/47 [cloud of flame (13)]
  3356 | D:4      | Reached skill level 5 in Staves
  3489 | D:4      | Reached XP level 7. HP: 37/52 MP: 7/7
  3612 | D:4      | Found a runed translucent door.
  3613 | D:4      | Noticed Crazy Yiuf
  3621 | D:4      | Killed Crazy Yiuf
  3802 | D:5      | Entered Level 5 of the Dungeon
  3847 | D:5      | Found a glowing drain.
  3862 | Sewer    | Entered a sewer
  4233 | D:5      | Reached skill level 6 in Staves
  4278 | D:5      | Found a staircase to the Ecumenical Temple.
  4331 | D:6      | Reached XP level 8. HP: 49/60 MP: 8/8
  4367 | D:6      | HP: 3/60 [poisoned by a killer bee]
  4373 | D:6      | HP: 1/60 [poisoned by a killer bee]
  4379 | D:6      | Succumbed to a killer bee's poison

Skill      XL: |  1  2  3  4  5  6  7  8 |
---------------+-------------------------+-----
Dodging        | 3 4 |  4.6
Staves         | 3 4 5 6 |  6.6
Armour         | 1 2 3 |  3.3
Fighting       | 3 4 |  4.0
Stealth        | 1 |  1.7
Throwing       | |  1.8

Action                   |  1- 3 |  4- 6 |  7- 9 || total
-------------------------+-------+-------+-------++-------
Melee: Quarterstaff      |   102 |   169 |    62 ||   333
       Kick              |       |    39 |    18 ||    57
       Headbutt          |       |    28 |    10 ||    38
  Use: Potion            |       |     6 |     3 ||     9
       Scroll            |       |     8 |     4 ||    12
 Stab: Sleeping          |       |     3 |       ||     3
  Eat: Chunk             |       |    16 |     3 ||    19
Armor: Leather armour    |    46 |    57 |    38 ||   141
Dodge: Dodged            |    99 |   156 |    58 ||   313
